 Dungeon Crawl Stone Soup version 0.27.0-66-gdc8fb28755 (webtiles) character file.

Game seed: 10975466484829189141

294 Malachi the Chopper (level 6, -9/47 (51) HPs)
             Began as a Palentonga Berserker on Aug 20, 2021.
             Was a Priest of Trog.
             Mangled by Menkaure (13 damage)
             ... on level 4 of the Dungeon.
             The game lasted 00:04:26 (3124 turns).

Malachi the Chopper (Palentonga Berserker)          Turns: 3124, Time: 00:04:26

HP:   -9/47 (51)    AC:  6    Str: 22    XL:     6   Next: 11%
MP:   6/6           EV:  8    Int:  7    God:    Trog [***...]
Gold: 133           SH:  0    Dex: 10    Spells: 5/5 levels left

rFire    . . .     SeeInvis +   k - +0 hand axe (vorpal)
rCold    . . .     Faith    .   (no shield)
rNeg     + . .     Spirit   .   l - +0 scale mail
rPois    .         Reflect  .   (no helmet)
rElec    .         Harm     .   (no cloak)
rCorr    .         Rampage  .   (no gloves)
Will     .....                  (no barding)
Stlth    ..........             (no amulet)
HPRegen  0.15/turn              d - ring of positive energy
MPRegen  0.10/turn              h - ring of flight

@: on berserk cooldown, flying, slowed, drained, very slow
A: large, rugged brown scales 3, see invisible, deformed body, roll 1, armoured
tail
a: Rolling Charge, Renounce Religion, Berserk, Trog's Hand


You were on level 4 of the Dungeon.
You worshipped Trog.
Trog was most pleased with you.
You visited 1 branch of the dungeon, and saw 4 of its levels.

You collected 133 gold pieces.

Inventory:

Hand Weapons
 k - a +0 vorpal hand axe (weapon)
Armour
 l - a +0 scale mail (worn)
Jewellery
 d - a ring of positive energy (left hand)
 h - a ring of flight (right hand)
Scrolls
 c - a scroll of fear
 j - a scroll of teleportation
Potions
 a - a potion of berserk rage
 g - 2 potions of lignification
 i - a potion of might {unknown}


   Skills:
 + Level 3.9 Fighting
 + Level 5.0 Axes
 + Level 3.0 Armour
 + Level 2.2 Dodging
 + Level 0.2 Stealth


You had 5 spell levels left.
You didn't know any spells.
Your spell library was empty.

Dungeon Overview and Level Annotations

Branches:
Dungeon (4/15)
 Temple: D:4-7

Altars:
Ru

Annotations:
D:4 Menkaure


Innate Abilities, Weirdness & Mutations

You are completely covered in rugged brown scales. (AC +3, +7% HP)
You have supernaturally acute eyesight. (SInv)
Armour fits poorly on your strangely shaped body.
You can roll at nearby foes to attack.
You have a long armoured tail.


Message History

The necrophage barely misses you.
The necrophage hits you but does no damage.
You hit the necrophage.
The necrophage is moderately damaged.
The necrophage hits you but does no damage.
You barely miss the necrophage.
The necrophage is moderately damaged.
The necrophage barely misses you.
The necrophage hits you but does no damage.
You hit the necrophage.
The necrophage is moderately damaged.
Menkaure, Prince of Dust comes into view.
The necrophage hits you. You partially resist.
You feel drained.
Menkaure shouts!
You slash the necrophage!
The necrophage is severely damaged.
The necrophage hits you but does no damage.
The necrophage hits you.
You barely miss the necrophage.
The necrophage is severely damaged.
The necrophage barely misses you.
Menkaure mumbles some strange words.
Menkaure seems to speed up.
You feel much better. The necrophage closely misses you. x2
Okay, then.
The necrophage hits you. You partially resist.
You feel drained.
Menkaure calls on the powers of darkness!
Your body is wracked with pain!
The necrophage hits you.
You hit Menkaure.
Menkaure is lightly damaged.
You hit the necrophage. Menkaure hits you.
The necrophage hits you but does no damage.
Menkaure hits you!
* * * LOW HITPOINT WARNING * * *
The necrophage closely misses you.
You closely miss Menkaure.
Your tail-slap misses Menkaure.
Menkaure is lightly damaged.
You hit the necrophage but do no damage.
Menkaure hits you!
You die...

........... ##.
................
#......... ...# .
#.......# ... ..
##......##.# ..#
.#.......#..#...#
........)........
........Mn....... ###
.........@.#..... ##.##
.#.......†:.....#
###...##
##.#........##..##......#
#..#.........##.....#....
#.......>$....#..<..##...
..........†....#........#
###............#........#
#...#....)##.##...###...
##.........#......# ##..


You could see a necrophage and Menkaure (fast).

Vanquished Creatures
  A scorpion (D:4)
  A hound (D:4)
  An orc wizard (D:2)
  A hound skeleton (D:4)
  6 adders
  A worm (D:3)
  5 dart slugs
  5 orcs
  10 bats
  7 endoplasms
  2 giant cockroaches
  5 hobgoblins
  14 jackals
  8 kobolds
  2 quokkas
  8 ball pythons
  4 frilled lizards
  5 goblins
  6 rats
92 creatures vanquished.

Notes
Turn   | Place    | Note
-------+----------+-------------------------------------------
     0 | D:1      | Malachi the Palentonga Berserker began the quest for the
                  | Orb.
     0 | D:1      | Reached XP level 1. HP: 19/19 MP: 1/1
   156 | D:1      | Reached XP level 2. HP: 19/25 MP: 2/2
   706 | D:1      | Reached ** piety under Trog
   714 | D:1      | Reached XP level 3. HP: 31/31 MP: 3/3
   993 | D:1      | Found a faded altar of an unknown god.
  1222 | D:2      | Reached skill level 4 in Axes
  1222 | D:2      | Reached XP level 4. HP: 36/39 MP: 4/4
  1784 | D:2      | Reached *** piety under Trog
  1867 | D:2      | Reached XP level 5. HP: 44/44 MP: 5/5
  2856 | D:3      | Found a sacrificial altar of Ru.
  3107 | D:4      | Reached skill level 5 in Axes
  3107 | D:4      | Reached XP level 6. HP: 39/51 MP: 6/6
  3116 | D:4      | Noticed Menkaure
  3124 | D:4      | Mangled by Menkaure

Illustrated notes

Levels and vault maps discovered:
D:1:      enne_arrival_octagon_isle, layout_rooms,
          dreamdust_ecumenical_altar_hidden_monk_grotto
D:2:      layout_basic
D:3:      layout_loops_ring, nicolae_overflow_hidden_temple
D:4:      layout_cave_pools, mainiacjoe_overflow_24_doors, uniq_menkaure

Skill      XL: |  1  2  3  4  5 |
---------------+----------------+-----
Axes           | 4 5 |  5.0
Armour         | 2 3 |  3.0
Dodging        | 2 |  2.2
Fighting       | |  3.9
Stealth        | |  0.2

Action                   |  1- 3 |  4- 6 || total
-------------------------+-------+-------++-------
Melee: Hand axe          |    92 |   127 ||   219
       Tailslap          |    13 |    15 ||    28
Invok: Berserk           |       |     3 ||     3
 Abil: Rolling Charge    |    12 |    25 ||    37
  Use: Scroll            |     3 |     5 ||     8
       Potion            |       |     2 ||     2
Armor: Animal skin       |    16 |       ||    16
       Ring mail         |    23 |    32 ||    55
       Scale mail        |       |    27 ||    27
Dodge: Dodged            |    49 |    69 ||   118
